 Dungeon Crawl Stone Soup version 0.31.0-11-ge490571c62 (webtiles) character file.

Game seed: 15219449300100701224

42 qw the Shooter (level 3, 0/20 HPs)
             Began as a Deep Elf Hunter on Feb 4, 2024.
             Slain by an orc
             ... wielding a +0 mace
              (1 damage)
             ... on level 2 of the Dungeon.
             The game lasted 00:00:06 (1848 turns).

qw the Shooter (Deep Elf Hunter)                    Turns: 1848, Time: 00:00:06

Health: 0/20       AC:  5    Str: 10    XL:     3   Next: 33%
Magic:  5/5        EV: 12    Int: 13    God:
Gold:   80         SH:  0    Dex: 18    Spells: 2/2 levels left

rFire   + + .        a - +0 shortbow
rCold   . . .        (shield currently unavailable)
rNeg    . . .        i - +2 leather armour {rF+}
rPois   .            (no helmet)
rElec   .            (no cloak)
rCorr   .            (no gloves)
SInv    .            (no boots)
Will    .....        (no amulet)
Stlth   ++           c - ring of protection from fire
HPRegen 0.23/turn    (no ring)
MPRegen 0.09/turn

%: no passive effects
@: no status effects
A: no striking features
a: no special abilities


You were on level 2 of the Dungeon.
You visited 1 branch of the dungeon, and saw 3 of its levels.

You collected 80 gold pieces.


   Skills:
 - Level 1.5 Fighting
 + Level 6.9 Ranged Weapons
 - Level 2.4 Dodging
 - Level 1.2 Stealth


You had 2 spell levels left.
You didn't know any spells.
Your spell library was empty.

Inventory:

Hand Weapons
 a - a +0 shortbow (weapon)
Armour
 i - a +2 leather armour of fire resistance (worn)
 m - a +0 scale mail
Jewellery
 c - a ring of protection from fire (left hand)
Wands
 l - a wand of flame (18)
Potions
 b - a potion of curing {unknown}
 f - 2 potions of might

Dungeon Overview and Level Annotations

Branches:
Dungeon (3/15)

Altars:

Shops:
D:1 (


Message History

1833 ||| STAIRDANCE The orc completely misses you.
The orc misses you.
You climb upwards.
There is a stone staircase leading down here.
You shoot an arrow. The arrow barely misses the orc.
The orc barely misses you. The orc hits you with a +0 mace.
You shoot an arrow. The arrow closely misses the orc.
The orc hits you with a +0 club. The orc closely misses you.
You shoot an arrow. The arrow closely misses the orc.
The orc misses you. The orc closely misses you.
You shoot an arrow. The arrow hits the orc.
The orc is heavily wounded.
The orc barely misses you. The orc hits you with a +0 mace.
You shoot an arrow.
The arrow hits the orc but does no damage.
The orc is heavily wounded.
The orc misses you. The orc barely misses you.
You shoot an arrow. The arrow barely misses the orc.
The orc barely misses you. The orc hits you with a +0 mace.
You shoot an arrow. The arrow hits the orc.
You kill the orc!
The orc hits you with a +0 mace.
You shoot an arrow. The arrow completely misses the orc.
The orc hits you but does no damage.
You shoot an arrow. The arrow closely misses the orc.
The orc completely misses you.
You shoot an arrow. The arrow closely misses the orc.
The orc barely misses you.
You shoot an arrow.
The arrow hits the orc but does no damage.
The orc hits you with a +0 mace.
You shoot an arrow. The arrow closely misses the orc.
The orc hits you with a +0 mace.
You shoot an arrow.
The arrow hits the orc but does no damage.
The orc completely misses you. The orc misses you.
You shoot an arrow. The arrow hits the orc.
The orc is severely wounded.
The orc hits you with a +0 mace.
You die...

#.# #.# #....# ####.##
#.# #.# #.##.# #.# #.#
#.# #.##.# ##.## #.#
#.####.##.# #.#.# #.#
#.##.#.##.## ##.## #.#
#.#.#..##..# #.# ..#
#..###.###.# #.# ###
#....#..##o# #.#
##.#.#.###@## #.#
##....##.).#
##########.#
##.#.##.#.###..........#
#
#.#....#...#.###########
## #.#..#####....# #..
.#########.##...#...#..#
#.#
...........####.#.###..#
#.# .########..####...#
#..# #.# ######
##........## #..# ###.#


You could see an orc.

Vanquished Creatures
  An adder (D:2)
  An orc (D:2)
  6 endoplasms
  4 goblins
  3 hobgoblins (D:2)
  2 quokkas
  2 ball pythons (D:1)
  A bat (D:1)
  2 frilled lizards (D:2)
  3 kobolds
  3 rats
28 creatures vanquished.

Notes
Turn   | Place    | Note
-------+----------+-------------------------------------------
     0 | D:1      | qw the Deep Elf Hunter began the quest for the Orb.
     0 | D:1      | Reached XP level 1. HP: 12/12 MP: 3/3
     0 | D:1      | 0 ||| qw: Version: 0.3-a-160-g6735b56
     0 | D:1      | 0 ||| qw: Game counter: 5559
     0 | D:1      | 0 ||| qw: Melee chars always use a shield: true
     0 | D:1      | 0 ||| qw: God list: Okawaru
     0 | D:1      | 0 ||| qw: Allow faded altars: false
     0 | D:1      | 0 ||| qw: Do Orc after clearing Dungeon:15 true
     0 | D:1      | 0 ||| qw: Do second Lair branch before Depths: true
     0 | D:1      | 0 ||| qw: Lair rune preference: random
     0 | D:1      | 0 ||| qw: Goals: Normal
     0 | D:1      | 0 ||| PLANNING D:1-11
   328 | D:1      | Found Asad's Weapon Boutique.
   656 | D:1      | You fall into a shaft and drop 1 floor!
   664 | D:2      | Reached XP level 2. HP: 16/16 MP: 4/4
   675 | D:2      | Reached skill level 6 in Ranged Weapons
   833 | D:2      | Found a faded altar of an unknown god.
  1038 | D:2      | 1038 ||| UPGRADING to +2 leather armour of fire resistance.
  1048 | D:2      | 1048 ||| DROPPING +0 leather armour.
  1049 | D:2      | 1049 ||| READING 3 scrolls labelled XOTEUSS NIANE.
  1049 | D:2      | 1049 ||| IDENTIFYING fuming dark potion
  1050 | D:2      | 1050 ||| READING 2 scrolls of identify.
  1050 | D:2      | 1050 ||| IDENTIFYING smoky ruby potion
  1051 | D:2      | 1051 ||| READING scroll of identify.
  1051 | D:2      | 1051 ||| IDENTIFYING 2 viscous silvery potions
  1052 | D:2      | 1052 ||| READING scroll labelled ETUORGH YQEIR.
  1053 | D:2      | 1053 ||| READING scroll labelled ZOONARUARCH.
  1054 | D:2      | 1054 ||| READING scroll labelled NOSODOEBEGY.
  1055 | D:2      | 1055 ||| DROPPING scroll of butterflies.
  1056 | D:2      | 1056 ||| DROPPING potion of attraction.
  1057 | D:2      | 1057 ||| DROPPING potion of brilliance.
  1108 | D:1      | Reached XP level 3. HP: 7/20 MP: 5/5
  1781 | D:2      | 1781 ||| UPGRADING to ring of protection from fire.
  1811 | D:3      | 1811 ||| STAIRDANCE
  1826 | D:3      | 1826 ||| STAIRDANCE
  1833 | D:3      | 1833 ||| STAIRDANCE
  1845 | D:2      | HP: 5/20 [orc/+0 mace (4)]
  1846 | D:2      | HP: 1/20 [orc/+0 mace (5)]
  1848 | D:2      | Slain by an orc

Levels and vault maps discovered:
D:1:      ncdulo_watergridlock, layout_basic, serial_shops,
          nicolae_shop_tiny_glass, dreamdust_princess_bridge,
          grunt_decor_mini_mirrors, minmay_misc_feat_tiny
D:2:      layout_loops_ring, ebering_ecumenical_altar_mist,
          nicolae_figureground_pulse
D:3:      layout_rooms, minivault_26, hex_tiny, uniq_robin

Skill      XL: |  1  2 |
---------------+-------+-----
Ranged Weapons | 6 |  6.9
Fighting       | |  1.5
Dodging        | |  2.4
Stealth        | |  1.2

Action                     || total
---------------------------++-------
   Fire: Shortbow          ||    96
    Use: Scroll            ||     6
 Armour: Leather armour    ||    27
  Dodge: Dodged            ||    33

Table legend:
 A = Non-vault XP
 B = Vault XP
 C = Vault XP percentage of total XP
 D = Non-vault monster count
 E = Vault monster count
 F = Vault count percentage of total count
                 A         B        C        D         E       F
            +---------+---------+-------+---------+---------+-------
      Total |      60 |       0 |   0.0 |      28 |       0 |   0.0
            +---------+---------+-------+---------+---------+-------
        D:1 |      19 |       0 |   0.0 |      11 |       0 |   0.0
        D:2 |      41 |       0 |   0.0 |      17 |       0 |   0.0
            +---------+---------+-------+---------+---------+-------
